AoeStats
← NicoCHavez2015

Hideout

509539382Analyzed
1v1 RM · 5d ago on Sep 27, 2026· 44m 23s· 2 players
Game mode
Random Map
Map size
Tiny (2 player)
Population
200
Speed
Normal
Resources
Standard
Victory
Conquest
Starting age
Dark Age
Ending age
Imperial Age
RankedLock teamsTeams togetherTeam positionsShared explorationLock speedFull tech treeHidden civsTurbo modeCheats
Victory
Defeat
🇧🇴 Magyars · Bolivia
1052
+15
🇦🇷 Bohemians · Argentina
1033
-15
ionatan
12:27 Feudal Age
11:11 Loom
12:59 Horse Collar
13:06 Double-Bit Axe
23:01 Castle Age
23:33 Light Cavalry
24:39 Elite Skirmisher
31:48 Fletching
32:59 Ballistics
35:43 Scale Mail Armor
36:34 Bow Saw
36:43 Padded Archer Armor
37:51 Heavy Plow
37:55 Town Watch
39:04 Wheelbarrow
39:00 Husbandry
43:03 Imperial Age
41:01 Leather Archer Armor
41:42 Bodkin Arrow
41:58 Forging
42:09 Scale Barding Armor
42:43 Chain Mail Armor
43:26 Capped Ram
44:22 Masonry
NicoCHavez2015
5:21 Loom
11:04 Feudal Age
15:16 Castle Age
13:19 Double-Bit Axe
15:30 Fletching
19:26 Town Watch
20:26 Bow Saw
21:04 Gold Mining
21:42 Bodkin Arrow
22:11 Thumb Ring
28:44 Husbandry
33:13 Bloodlines
35:41 Corvinian Army
38:18 Imperial Age
37:12 Gold Shaft Mining
36:24 Horse Collar
36:38 Stone Mining
37:36 Wheelbarrow
37:39 Scale Barding Armor
37:35 Padded Archer Armor
37:57 Heavy Plow
38:14 Corvinian Army
38:55 Chain Barding Armor
39:59 Bracer
41:35 Chemistry
41:13 Parthian Tactics
41:27 Conscription
42:31 Ballistics
42:18 Recurve Bow
42:27 Town Patrol
42:42 Hand Cart
43:03 Heavy Cavalry Archer
Connection lost

Rejoining the realm…

Still unreachable

The connection could not be restored.

Session expired

The server has moved on; the page needs a fresh start.